 Dungeon Crawl Stone Soup version 0.21.0 (console) character file.

1063 hilaritas the Carver (level 8, -3/68 HPs)
             Began as a Minotaur Fighter on Jan 7, 2018.
             Was a Follower of Uskayaw.
             Slain by a hornet (8 damage)
             ... on level 5 of the Dungeon.
             The game lasted 00:09:47 (3901 turns).

hilaritas the Carver (Minotaur Fighter)             Turns: 3901, Time: 00:09:49

Health: -3/68      AC:  9    Str: 27    XL:     8   Next: 6%
Magic:  6/9        EV:  6    Int:  6    God:    Uskayaw [*.....]
Gold:   312        SH: 12    Dex: 10    Spells: 7/7 levels left

rFire    . . .     SeeInvis +   a - +1 long sword
rCold    . . .     Gourm    +   c - +1 shield
rNeg     . . .     Faith    .   g - +0 chain mail
rPois    .         Spirit   .   (helmet restricted)
rElec    .         Reflect  .   (no cloak)
rCorr    .         Harm     .   (no gloves)
MR       .....                  (no boots)
Stlth    ..........             o - amulet of the gourmand
HPRegen  0.21/turn              q - ring of see invisible
MPRegen  0.11/turn              (no ring)

@: mighty, lethally poisoned (-3 -> -6), slowed, very slow
A: retaliatory headbutt, horns 2
a: Stomp, Renounce Religion


You were on level 5 of the Dungeon.
You worshipped Uskayaw.
Uskayaw was noncommittal.
You were very full.

You visited 1 branch of the dungeon, and saw 5 of its levels.

You collected 312 gold pieces.

Inventory:

Hand Weapons
 a - a +1 long sword (weapon)
 e - a +0 dagger
 v - a +0 long sword
Missiles
 l - 19 tomahawks (quivered)
Armour
 c - a +1 shield (worn)
 g - a +0 chain mail (worn)
Jewellery
 o - an amulet of the gourmand (around neck)
 q - a ring of see invisible (left hand)
 u - an uncursed ring of resist corrosion
Wands
 k - a wand of scattershot (2)
Scrolls
 j - 4 scrolls of remove curse
 n - a scroll of teleportation
 w - a scroll of magic mapping
Potions
 h - a potion of agility
 i - 2 potions of flight
 m - a potion of heal wounds
 p - a potion of berserk rage {unknown}
 s - a potion of brilliance {unknown}
Books
 d - a book of Maledictions

   Spells                             Type                      Level
   a - Corona                         Hexes                        1
   b - Ensorcelled Hibernation        Hexes/Ice                    2
   c - Confuse                        Hexes                        3
   d - Tukima's Dance                 Hexes                        3
   e - Dazzling Spray                 Conjuration/Hexes            3
Comestibles
 f - 5 rations
 r - 3 chunks of flesh


   Skills:
 + Level 5.1 Fighting
 * Level 8.8 Long Blades
 - Level 3.6 Armour
 + Level 6.3 Shields
 * Level 3.0 Invocations


You had 7 spell levels left.
You didn't know any spells.

Dungeon Overview and Level Annotations

Branches:
Dungeon (5/15)
 Temple: D:4-7

Altars:
Fedhas
Makhleb
Okawaru
Qazlal
Sif Muna
Trog
Uskayaw
Xom


Innate Abilities, Weirdness & Mutations

You reflexively headbutt those who attack you in melee.
You have a pair of horns on your head.


Message History

You block the hornet's attack. You block the hound's attack.
You feel very mighty all of a sudden.
You feel yourself speed up.
You feel sick. The hornet stings you!
* * * LOW HITPOINT WARNING * * *
You feel yourself slow down. The hound bites you but does no damage.
The hornet stings you.
* * * LOW HITPOINT WARNING * * *
You feel as though you will be slow longer.
The hound pauses to sniff the ground.
The hound bites you.
* * * LOW HITPOINT WARNING * * *
The crimson imp blinks!
You hit the hornet.
The hornet is heavily wounded.
You feel sick. You block the hornet's attack. The hound barely misses you.
The hornet stings you.
* * * LOW HITPOINT WARNING * * *
You feel as though you will be slow longer.
The hound bites you but does no damage. The hornet stings you!
You die...

....... #....#....#
#...#.#...# #..#._.#..
###...#.#..# ##......#...##
# ##.........ยง..#.#..
#......5..y.....#.#
##...#......@h.....#
#....#............## #
##....#..........#.# .#
#.....#.......>..#.##.####
#.#..###........##.#.(....
##.#.####........##....####
##..#.......................
#..##.###..........#.#...###
#.....# #.....)....### ..#
####..# #)...).)...# .# #.##
#..........# #


You could see a hornet, a hound and a crimson imp.

Vanquished Creatures
  The ghost of Daviar the Sneak, an amateur TeEn (D:3)
  Edmund (D:3)
  Duvessa (D:4)
  A phantom (D:3)
  A centaur (D:4)
  Dowan (D:4)
  2 howler monkeys (D:3)
  4 orc wizards
  2 orc priests
  3 worker ants
  A hound skeleton (D:4)
  4 gnolls (D:4)
  An ooze (D:4)
  4 worms
  A dart slug (D:3)
  4 leopard geckos
  16 orcs
  2 giant cockroaches (D:2)
  6 goblins
  12 hobgoblins
  4 jackals (D:3)
  10 kobolds
  6 bats
  3 frilled lizards
  A leopard gecko skeleton (D:4)
  A quokka skeleton (D:4)
  6 rats
99 creatures vanquished.

Vanquished Creatures (others)
  An adder (D:4)
1 creature vanquished.

Grand Total: 100 creatures vanquished

Notes
Turn   | Place    | Note
-------+----------+-------------------------------------------
     0 | D:1      | hilaritas the Minotaur Fighter began the quest for the Orb.
     0 | D:1      | Reached XP level 1. HP: 19/19 MP: 0/0
   261 | D:1      | Reached XP level 2. HP: 27/27 MP: 1/1
   795 | D:2      | Reached skill level 3 in Long Blades
   935 | D:2      | Reached XP level 3. HP: 31/33 MP: 2/2
   954 | D:2      | Found a burning altar of Makhleb.
   954 | D:2      | Found a hide-covered altar of Uskayaw.
   954 | D:2      | Found a blossoming altar of Fedhas.
   960 | D:2      | Became a worshipper of Uskayaw the Reveler
   991 | D:2      | Found a deep blue altar of Sif Muna.
  1000 | D:2      | Found a stormy altar of Qazlal.
  1131 | D:2      | Reached * piety under Uskayaw
  1217 | D:2      | Reached ** piety under Uskayaw
  1358 | D:2      | Found a bloodstained altar of Trog.
  1495 | D:3      | Noticed a phantom
  1528 | D:3      | Reached *** piety under Uskayaw
  1576 | D:3      | Killed a phantom
  1576 | D:3      | Reached skill level 4 in Long Blades
  1576 | D:3      | Reached skill level 1 in Invocations
  1576 | D:3      | Reached XP level 4. HP: 5/40 MP: 3/3
  1576 | D:3      | Reached XP level 5. HP: 6/46 MP: 4/4
  1622 | D:3      | Found a shimmering altar of Xom.
  1899 | D:3      | Reached skill level 5 in Long Blades
  2070 | D:3      | Noticed Daviar's ghost (amateur TeEn)
  2117 | D:3      | Killed Daviar's ghost
  2117 | D:3      | Reached skill level 6 in Long Blades
  2117 | D:3      | Reached XP level 6. HP: 50/53 MP: 2/6
  2517 | D:4      | Noticed Duvessa
  2525 | D:4      | Noticed Dowan
  2593 | D:4      | Noticed Edmund
  2608 | D:3      | Killed Edmund
  2608 | D:3      | Reached skill level 5 in Shields
  2611 | D:3      | Reached skill level 7 in Long Blades
  2834 | D:4      | Killed Dowan
  2834 | D:4      | Reached XP level 7. HP: 57/60 MP: 3/7
  2848 | D:4      | Killed Duvessa
  2922 | D:4      | Reached skill level 8 in Long Blades
  3220 | D:4      | Reached skill level 5 in Fighting
  3683 | D:5      | Entered Level 5 of the Dungeon
  3693 | D:5      | Reached XP level 8. HP: 47/68 MP: 9/9
  3701 | D:5      | Reached **** piety under Uskayaw
  3860 | D:5      | Found an iron altar of Okawaru.
  3887 | D:5      | Noticed a hornet
  3891 | D:5      | Paralysed by a hornet for 3 turns
  3895 | D:5      | Paralysed by a hornet for 2 turns
  3901 | D:5      | Slain by a hornet

Skill      XL: |  1  2  3  4  5  6  7 |
---------------+----------------------+-----
Fighting       | 4 5 |  5.1
Shields        | 4 5 6 |  6.3
Long Blades    | 3 4 6 7 8 |  8.8
Invocations    | 1 2 3 |  3.0
Armour         | |  3.6

Action                   |  1- 3 |  4- 6 |  7- 9 || total
-------------------------+-------+-------+-------++-------
Melee: Long sword        |   110 |   103 |    98 ||   311
       Headbutt          |    13 |    15 |    14 ||    42
Invok: Stomp             |       |     3 |     3 ||     6
  Use: Scroll            |     7 |     3 |     1 ||    11
       Potion            |     3 |       |     3 ||     6
 Stab: Paralysed         |       |     1 |     4 ||     5
  Eat: Chunk             |     1 |    12 |     7 ||    20
Armor: Scale mail        |    25 |       |       ||    25
       Chain mail        |    42 |    72 |    50 ||   164
Dodge: Dodged            |    26 |    29 |    30 ||    85
Block: Shield            |    62 |    72 |    77 ||   211
       Rpst.: Long sword |     9 |     8 |     6 ||    23
